 Dungeon Crawl Stone Soup version 0.18-b1-22-ge198996 (webtiles) character file.

5853 Wooh the Fighter (level 10, -9/68 HPs)
             Began as a Gargoyle Gladiator on May 4, 2016.
             Was a Priest of Makhleb.
             Mangled by a hill giant
             ... wielding a +0 giant club
              (26 damage)
             ... on level 10 of the Dungeon.
             The game lasted 00:35:16 (8494 turns).

Wooh the Fighter (Gargoyle Gladiator)               Turns: 8494, Time: 00:35:17

Health: -9/68      AC: 20    Str: 21    XL:     10   Next: 81%
Magic:  13/13      EV: 14    Int: 13    God:    Makhleb [***...]
Gold:   178        SH:  0    Dex: 16    Spells: 0 memorised, 9 levels left

rFire  . . .     SeeInvis .     a - +0 quarterstaff
rCold  . . .     Gourm    .     v - +3 scale mail {MR+}
rNeg   + + .     Faith    .     (shield currently unavailable)
rPois  ∞         Spirit   .     c - +0 helmet
rElec  +         Dismiss  .     (no cloak)
rCorr  .         Reflect  .     (no gloves)
SustAt .         Harm     .     U - +0 pair of boots of Infinity {rF- Int+5 Dex+4} (curse)
MR     +....                    (no amulet)
Stlth  +.........               u - ring of positive energy
                                O - ring of protection from fire (curse)

@: somewhat resistant to hostile enchantments, very unstealthy
A: camouflage 1, negative energy resistance 1, electricity resistance,
unbreathing, petrification resistance, rot immunity, AC +7
a: Minor Destruction, Lesser Servant of Makhleb, Renounce Religion


You were on level 10 of the Dungeon.
You worshipped Makhleb.
Makhleb was most pleased with you.
You were not hungry.

You visited 2 branches of the dungeon, and saw 11 of its levels.
You also visited: Ossuary.

You collected 425 gold pieces.
You spent 247 gold pieces at shops.

Inventory:

Hand Weapons
 a - a +0 quarterstaff (weapon)
Missiles
 d - 5 throwing nets (quivered)
 J - 3 tomahawks
Armour
 c - a +0 helmet (worn)
 p - a +4 ring mail
 v - a +3 scale mail of magic resistance (worn)
 F - a +0 shield
 U - the cursed +0 pair of boots of Infinity (worn) {rF- Int+5 Dex+4}
   (You bought it in a shop on level 9 of the Dungeon)

   It affects your intelligence (+5).
   It affects your dexterity (+4).
   It makes you vulnerable to fire.
   It has a curse placed upon it.
Jewellery
 u - a ring of positive energy (right hand)
 y - an uncursed ring of protection from cold
 O - a cursed ring of protection from fire (left hand)
 S - an uncursed ring of magical power
Wands
 g - a wand of iceblast (12/15)
 K - a wand of confusion (26/48)
 R - a wand of paralysis (13/24)
Scrolls
 e - 2 scrolls of noise {unknown}
 i - 2 scrolls of blinking {unknown}
 l - 4 scrolls of remove curse
 m - 2 scrolls of teleportation {unknown}
 n - 3 scrolls of magic mapping
 q - a scroll of recharging {unknown}
 r - 3 scrolls of enchant weapon {unknown}
 G - 2 scrolls of identify
 I - a scroll of random uselessness {unknown}
 Q - a scroll of amnesia {unknown}
 T - a scroll of fear {unknown}
 V - a scroll of enchant armour {unknown}
Potions
 b - a potion of cure mutation {unknown}
 h - 6 potions of curing {unknown}
 j - 5 potions of degeneration {unknown}
 o - a potion of magic {unknown}
 t - a potion of invisibility {unknown}
 w - 2 potions of haste
 x - 2 potions of flight
 z - 2 potions of cancellation {unknown}
 A - a potion of ambrosia {unknown}
 E - 3 potions of lignification {unknown}
 L - 3 potions of heal wounds {unknown}
 M - a potion of berserk rage {unknown}
Books
 s - a book of Transfigurations

   Spells                             Type                      Level
   a - Irradiate                      Conjuration/Transmutation    5
   b - Statue Form                    Transmutation/Earth          6
   c - Hydra Form                     Transmutation                6
   d - Dragon Form                    Transmutation                7
 B - a book of Battle

   Spells                             Type                      Level
   a - Infusion                       Charms                       1
   b - Shroud of Golubria             Charms/Translocation         2
   c - Song of Slaying                Charms                       2
   d - Spectral Weapon                Hexes/Charms                 3
   e - Regeneration                   Charms/Necromancy            3
 N - a book of Minor Magic

   Spells                             Type                      Level
   a - Magic Dart                     Conjuration                  1
   b - Blink                          Translocation                2
   c - Call Imp                       Summoning                    2
   d - Repel Missiles                 Charms/Air                   2
   e - Slow                           Hexes                        2
   f - Conjure Flame                  Conjuration/Fire             3
   g - Mephitic Cloud                 Conjuration/Poison/Air       3
Miscellaneous
 P - a phial of floods
Comestibles
 f - 7 bread rations
 k - 2 chunks of flesh
 C - 2 slices of pizza
 D - a royal jelly
 H - 7 beef jerkies


   Skills:
 - Level 10.4 Fighting
 + Level 7.2 Staves
 - Level 1.7 Throwing
 - Level 8.2 Armour
 - Level 6.4 Dodging
 - Level 4.1 Invocations


You had 9 spell levels left.
You didn't know any spells.

Dungeon Overview and Level Annotations

Branches:
Dungeon (10/15)            Temple (1/1) D:5            Lair (0/8) D:8
    Orc: D:9-12

Altars:
Ashenzari
Cheibriados
Dithmenos
Elyvilon
Fedhas
Gozag
Kikubaaqudgha
Makhleb
Nemelex Xobeh
Okawaru
Pakellas
Qazlal
Ru
Sif Muna
Trog
Vehumet
Xom
Yredelemnul
Zin
The Shining One

Shops:
D:4 =   D:9 [


Innate Abilities, Weirdness & Mutations

You are resistant to torment.
Your stone body is resilient (AC +7).
You are immune to poison.
You resist negative energy.
You are resistant to electric shocks.
You can survive without breathing.
You are immune to petrification.
You are immune to rotting.
Your skin changes colour to match your surroundings (Stealth).


Message History

The hill giant hits you with a giant club!!
A phantom comes into view.
You hit the hill giant.
The hill giant is heavily wounded.
The phantom blinks!
You sock the hill giant!
The hill giant is heavily wounded.
The hill giant misses you.
You sock the hill giant!
The hill giant is severely wounded.
The hill giant hits you with a giant club!
* * * LOW HITPOINT WARNING * * *
Throwing (i - inventory. (,) - cycle):
d - 6 throwing nets (quivered)
Press: ? - help, Shift-Dir - straight line, f/p - hill giant
Aim: a hill giant, wielding a giant club (severely wounded, immune to nets)
You throw a throwing net. The throwing net hits the hill giant.
The hill giant is too large for the net to hold!
The hill giant is severely wounded.
The hill giant hits you with a giant club!!
You die...

..(.. #....
#.... #....
#.... #....
#....###
#....@.#
#....C.#
#....(..#
#.......#
#....(...#
#.........
#.........#
#.........#


You could see a hill giant.

Vanquished Creatures
  Pikel (D:6)
  3 yaks (D:9)
  Menkaure (D:7)
  A steam dragon (D:10)
  Edmund (D:5)
  2 sky beasts
  An orc warrior (D:6)
  A slave (D:5)
  2 phantoms
  5 ice beasts
  5 ogres
  3 centaurs
  4 giant frogs
  2 elf zombies (Ossuary)
  A wyvern zombie (D:7)
  3 scorpions
  4 wights (D:9)
  2 howler monkeys
  2 jellies
  A crimson imp (D:4)
  A centaur zombie (Ossuary)
  A quasit (D:7)
  8 hounds
  A giant frog skeleton (D:7)
  6 orc priests
  4 centaur skeletons
  Jessica (D:2)
  3 iguanas
  12 orc wizards
  Terence (D:2)
  11 worker ants
  A big kobold zombie (Ossuary)
  2 hound zombies
  2 mummies (Ossuary)
  2 worker ant zombies (D:6)
  9 gnolls
  12 adders
  2 shadow imps
  5 adder zombies
  2 adder skeletons (D:4)
  3 worms
  4 dart slugs
  6 giant geckos
  35 orcs
  2 ball pythons
  6 giant cockroaches
  11 hobgoblins
  17 jackals
  A quokka (D:3)
  5 bats
  3 giant newts
  9 goblins
  10 hobgoblin zombies (Ossuary)
  A jackal skeleton (D:7)
  2 jackal zombies (Ossuary)
  9 kobolds
  7 kobold zombies (Ossuary)
  8 orc zombies (Ossuary)
  2 quokka zombies
  8 rats
  3 rat zombies (Ossuary)
283 creatures vanquished.

Notes
Turn   | Place    | Note
--------------------------------------------------------------
     0 | D:1      | Wooh the Gargoyle Gladiator began the quest for the Orb.
     0 | D:1      | Reached XP level 1. HP: 12/12 MP: 1/1
    92 | D:1      | Reached skill level 1 in Armour
   125 | D:1      | Reached XP level 2. HP: 17/17 MP: 2/2
   341 | D:1      | Reached XP level 3. HP: 21/21 MP: 3/3
   988 | D:2      | Noticed Terence
  1003 | D:2      | Killed Terence
  1003 | D:2      | Reached XP level 4. HP: 20/26 MP: 4/4
  1164 | D:2      | Found an oddly glowing altar of Pakellas.
  1333 | D:2      | Noticed Jessica
  1338 | D:2      | Killed Jessica
  1338 | D:2      | Reached skill level 5 in Armour
  1338 | D:2      | Reached XP level 5. HP: 25/30 MP: 5/5
  1358 | D:2      | Found a blossoming altar of Fedhas.
  1893 | D:3      | Found a stormy altar of Qazlal.
  2227 | D:4      | Reached skill level 3 in Fighting
  2356 | D:4      | Reached skill level 4 in Fighting
  2356 | D:4      | Reached XP level 6. HP: 37/39 MP: 6/6
  2371 | D:4      | Found Dirchuci's Jewellery Shoppe.
  2565 | D:4      | Reached skill level 5 in Fighting
  2700 | D:4      | Found a radiant altar of Vehumet.
  2743 | D:4      | Reached skill level 6 in Fighting
  2743 | D:4      | Reached XP level 7. HP: 40/46 MP: 7/7
  2960 | D:4      | Reached skill level 7 in Fighting
  3281 | D:5      | Entered Level 5 of the Dungeon
  3543 | D:6      | Reached skill level 8 in Fighting
  3580 | D:6      | Reached XP level 8. HP: 32/54 MP: 8/8
  3752 | D:6      | Found a sand-covered staircase.
  3759 | Ossuary  | Entered an ossuary
  4000 | Ossuary  | Reached skill level 5 in Staves
  4276 | D:6      | Noticed Pikel
  4339 | D:5      | Found a glowing silver altar of Zin.
  4391 | D:5      | Gained mutation: Your skin changes colour to match your surroundings (Stealth). [mutagenic meat]
  4392 | D:5      | Gained mutation: Your body sometimes deteriorates upon taking damage. [mutagenic meat]
  4498 | D:5      | Noticed Edmund
  4517 | D:5      | Killed Edmund
  4610 | D:5      | Found a staircase to the Ecumenical Temple.
  4615 | Temple   | Entered the Ecumenical Temple
  4687 | Temple   | Became a worshipper of Makhleb the Destroyer
  4847 | D:5      | Reached XP level 9. HP: 39/60 MP: 9/9
  4871 | D:5      | Found a sparkling altar of Nemelex Xobeh.
  4946 | D:5      | Reached skill level 9 in Fighting
  4970 | D:5      | Found an opulent altar of Gozag.
  5522 | D:6      | Killed Pikel
  5599 | D:6      | Reached * piety under Makhleb
  5656 | D:6      | Lost mutation: Your body sometimes deteriorates upon taking damage. [mutagenic meat]
  5718 | D:6      | Reached skill level 10 in Fighting
  6172 | D:7      | Reached ** piety under Makhleb
  6185 | D:7      | Reached skill level 5 in Dodging
  6259 | D:7      | Noticed Menkaure
  6269 | D:7      | Killed Menkaure
  6269 | D:7      | Reached XP level 10. HP: 26/68 MP: 10/10
  6878 | D:7      | Found a bloodstained altar of Trog.
  6915 | D:7      | Reached skill level 1 in Invocations
  7241 | D:8      | Reached *** piety under Makhleb
  7245 | D:8      | Found a shimmering altar of Xom.
  7287 | D:8      | Found a staircase to the Lair.
  7340 | D:8      | Found a basalt altar of Yredelemnul.
  7982 | D:9      | Found a snail-covered altar of Cheibriados.
  8275 | D:9      | Found Fuidima's Antique Armour Emporium.
  8278 | D:9      | Bought a pair of warped boots for 247 gold pieces
  8283 | D:9      | Identified the cursed +0 pair of boots of Infinity {rF- Int+5 Dex+4} (You bought it in a shop on level 9 of the Dungeon)
  8358 | D:10     | Entered Level 10 of the Dungeon
  8486 | D:10     | Noticed a hill giant
  8494 | D:10     | Mangled by a hill giant

Skill      XL: |  1  2  3  4  5  6  7  8  9 10 |
---------------+-------------------------------+-----
Armour         | 1 2 4 5 8 |  8.2
Fighting       | 4 6 8 10 | 10.4
Staves         | 7 |  7.2
Dodging        | 5 6 |  6.4
Invocations    | 4 |  4.1
Throwing       | |  1.7

Action                   |  1- 3 |  4- 6 |  7- 9 | 10-12 || total
-------------------------+-------+-------+-------+-------++-------
Melee: Quarterstaff      |   104 |   172 |   756 |   319 ||  1351
Throw: Tomahawk          |       |       |     1 |     3 ||     4
       Throwing net      |       |       |       |     1 ||     1
  Use: Scroll            |       |       |     6 |       ||     6
  Eat: Chunk             |       |     6 |    11 |     8 ||    25
       Meat ration       |       |       |     1 |       ||     1
Armor: Leather armour    |     4 |       |       |       ||     4
       Ring mail         |    47 |       |       |       ||    47
       Scale mail        |       |   107 |   392 |   155 ||   654
Dodge: Dodged            |    50 |    88 |   361 |   175 ||   674
